 Dungeon Sprint DCSS version 0.30-a0-172-gc5509c9e31 (webtiles) character file.

Game seed: 13037738767907821229

126 mhtbhm the Geomancer (level 5, -3/28 HPs)
             Began as a Gargoyle Earth Elementalist on Oct 1, 2022.
             Killed from afar by a wizard (26 damage)
             ... with a fireball
             ... in the Dungeon (Sprint III: "The Ten Rune Challenge").
             The game lasted 00:01:01 (533 turns).

mhtbhm the Geomancer (Gargoyle Earth Elementalist)   Turns: 533, Time: 00:01:01

Health: -3/28      AC:  6    Str: 17    XL:     5   Next: 10%
Magic:  10/12      EV: 12    Int: 21    God:
Gold:   7          SH:  0    Dex:  9    Spells: 4/14 levels left

rFire   . . .      SeeInvis .    (no weapon)
rCold   . . .      Faith    .    (no shield)
rNeg    + . .      Spirit   .    a - +0 robe
rPois   ∞          Reflect  .    (no helmet)
rElec   +          Harm     .    (no cloak)
rCorr   .          Rampage  .    (no gloves)
Will    .....      NoTele   +    (no boots)
Stlth   ++........               (no amulet)
HPRegen 0.24/turn                i - +6 ring of strength
MPRegen 0.13/turn                (no ring)

@: no status effects
A: sickness immunity, AC +4, negative energy resistance 1, electricity
resistance, torment resistance 1, petrification resistance, clever 1, wild magic
1
a: no special abilities


You were in the Dungeon.
You visited 1 branch You collected 7 gold pieces.

Inventory:

Armour
 a - a +0 robe (worn)
Jewellery
 i - a +6 ring of strength (left hand)
Scrolls
 g - a scroll of blinking
 j - a scroll of torment {unknown}
 k - a scroll of summoning {unknown}
 m - a scroll of poison {unknown}
 n - a scroll of identify {unknown}
Potions
 b - 3 potions of magic
 c - a potion of curing
 d - a potion of heal wounds
 e - a potion of haste
 f - a potion of berserk rage
 h - a potion of mutation
 l - 3 potions of flight


   Skills:
 + Level 2.7 Dodging
 + Level 3.4 Stealth
 + Level 5.0 Spellcasting
 + Level 1.3 Transmutations
 + Level 9.3 Earth Magic


You had 4 spell levels left.
You knew the following spells:

 Your Spells              Type           Power      Damage    Failure   Level
a - Sandblast             Erth           100%       2d20      1%          1
b - Passwall              Tmut/Erth      30%        N/A       3%          2
c - Stone Arrow           Conj/Erth      64%        3d11      8%          3
d - Petrify               Tmut/Erth      36%        N/A       17%         4

Your spell library contained the following spells:

 Spells                   Type           Power      Damage    Failure   Level


Dungeon Overview and Level Annotations

Branches:
Dungeon (1/1)

Altars:
Kikubaaqudgha
Sif Muna
Vehumet


Innate Abilities, Weirdness & Mutations

You are immune to sickness and miasma.
Your stone body is resilient. (AC +4)
You are immune to poison.
You resist negative energy. (rN+)
You are resistant to electric shocks. (rElec)
You are resistant to unholy torment.
You are immune to petrification.
Your mind is acute. (Int +4, Str/Dex -1)
Your spells are a little harder to cast, but a little more powerful.


Message History

Aiming: Sandblast (safe; 1% risk of failure)
Press: ? - help, Shift-Dir - straight line, f/p - water elemental
Aim: a water elemental (heavily damaged, 91% to hit)
The blast of sand hits the water elemental!!
You destroy the water elemental!
Your Spellcasting skill gained 2 levels and is now at level 5!
Your Earth Magic skill gained 2 levels and is now at level 9!
You have reached level 5!
There is an open door to the Ecumenical Temple here.
You start resting.
Magic restored.
You open the door.
A wizard comes into view. It is wielding a +0 dagger.
Found a book of Callings.
Found three altars.
Casting: Sandblast (safe; 1% risk of failure)
Confirm with . or Enter, or press ? or * to list all spells.
Aiming: Sandblast (safe; 1% risk of failure)
Press: ? - help, Shift-Dir - straight line, f - wizard
Aim: a wizard, wielding a +0 dagger and wearing a +0 robe (asleep, 100% to hit)
The blast of sand hits the wizard!
The wizard is almost dead.
The wizard shouts!
The wizard casts a spell at you.
The fireball explodes!
The fireball engulfs you.
The wizard casts a spell.
The wizard flickers and vanishes!
Deactivating autopickup; reactivate with Ctrl-A.
A kobold demonologist comes into view.
It is wielding a +0 dagger and wearing a +0 robe of cold resistance.
Casting: Sandblast (safe; 1% risk of failure)
Confirm with . or Enter, or press ? or * to list all spells.
Aiming: Sandblast (safe; 1% risk of failure)
Press: ? - help, Shift-Dir - straight line, f - kobold demonologist
Aim: a kobold demonologist, wielding a +0 dagger and wearing a +0 robe of cold resistance (80% to hit)
The blast of sand hits the kobold demonologist!
The kobold demonologist is severely wounded.
You hear some strange, mumbled words.
A fireball appears from out of thin air!
The fireball explodes!
The fireball engulfs you!!
Ouch! That really hurt!
You die...

.#...#### ##.#
.#......#####..#
##.......#..#..#
.##.##.".#.†#..###+#+###
.##)###..##'#..#........
####.##..###...'.⌠......
##..##.†## #†..#...#####
....##..# #....#.§.#
#..##...##.....#@..#
..##....#......#'###
.###..##.#.....#.{ .#
#.. ####....#___ ▓▓
▓▓▓▓▓▓▓▓▓▓


There were no monsters in sight!

Vanquished Creatures
  A water elemental (D)
  Jessica (D)
  A human (D)
  A wolf (D)
  An endoplasm (D)
  2 rats (D)
7 creatures vanquished.

Notes
Turn   | Place    | Note
-------+----------+-------------------------------------------
     0 | D        | mhtbhm the Gargoyle Earth Elementalist began the quest for
                  | the Orb.
     0 | D        | Reached XP level 1. HP: 10/10 MP: 3/3
     8 | D        | Reached skill level 4 in Earth Magic
    59 | D        | Noticed Jessica
    63 | D        | Killed Jessica
    64 | D        | Reached skill level 6 in Earth Magic
    64 | D        | Reached XP level 2. HP: 15/15 MP: 0/6
    64 | D        | Reached XP level 3. HP: 19/19 MP: 0/7
   148 | D        | Learned a level 2 spell: Passwall
   152 | D        | Learned a level 3 spell: Stone Arrow
   300 | D        | Gained mutation: Potions are less effective at restoring
                  | your health. [potion of mutation]
   300 | D        | Gained mutation: Your flesh is cold resistant. (rC+)
                  | [potion of mutation]
   300 | D        | Gained mutation: Your flesh is very cold resistant. (rC++)
                  | [potion of mutation]
   301 | D        | Lost mutation: Potions are less effective at restoring your
                  | health. [potion of mutation]
   301 | D        | Lost mutation: Your flesh is very cold resistant. (rC++)
                  | [potion of mutation]
   301 | D        | Lost mutation: Your flesh is cold resistant. (rC+) [potion
                  | of mutation]
   301 | D        | Gained mutation: You are weak. (Str -2) [potion of
                  | mutation]
   302 | D        | Lost mutation: You are weak. (Str -2) [potion of mutation]
   302 | D        | Gained mutation: Your spells are a little harder to cast,
                  | but a little more powerful. [potion of mutation]
   302 | D        | Gained mutation: Your mind is acute. (Int +4, Str/Dex -1)
                  | [potion of mutation]
   412 | D        | Reached skill level 1 in Transmutations
   412 | D        | Reached skill level 7 in Earth Magic
   456 | D        | Reached XP level 4. HP: 24/24 MP: 6/9
   486 | D        | Learned a level 4 spell: Petrify
   488 | D        | Noticed a water elemental
   490 | D        | Killed a water elemental
   491 | D        | Reached skill level 5 in Spellcasting
   491 | D        | Reached skill level 9 in Earth Magic
   491 | D        | Reached XP level 5. HP: 28/28 MP: 7/12
   531 | D        | Found a radiant altar of Vehumet.
   531 | D        | Found a shimmering blue altar of Sif Muna.
   531 | D        | Found an ancient bone altar of Kikubaaqudgha.
   533 | D        | Killed from afar by a wizard

Illustrated notes

Levels and vault maps discovered:
D:        dungeon_sprint_mu [sprint_mu_entry_cave, sprint_mu_temple_rooms,
          sprint_mu_d1_spiders, sprint_mu_d2_genie, sprint_mu_d3_branching,
          sprint_mu_orc_legion, sprint_mu_elf_gauntlet, sprint_mu_hive_nellie,
          sprint_mu_lair_fedhas, sprint_mu_vaults_butterflies,
          sprint_mu_slime_circle, sprint_mu_shoals_kraken,
          sprint_mu_snake_twists, sprint_mu_blade_basic,
          sprint_mu_crypt_fortress, sprint_mu_tomb_spiral,
          sprint_mu_vestibule_basic, sprint_mu_gehenna_hellfire,
          sprint_mu_dis_giant, sprint_mu_tartarus_statrot,
          sprint_mu_cocytus_islands, sprint_mu_zot1]

Skill      XL: |  1  2  3  4 |
---------------+-------------+-----
Earth Magic    | 6 7 9 |  9.3
Dodging        | 2 |  2.7
Spellcasting   | 3 5 |  5.0
Stealth        | 3 |  3.4
Transmutations | 1 |  1.3

Action                   |  1- 3 |  4- 6 || total
-------------------------+-------+-------++-------
 Cast: Sandblast         |    12 |     4 ||    16
       Passwall          |     1 |       ||     1
  Use: Potion            |     3 |       ||     3
Dodge: Dodged            |     3 |     1 ||     4

Table legend: (Time is in decaauts)
 A = Elapsed time spent in this place.
 B = Non-inter-level travel time spent in this place.
 C = Inter-level travel time spent in this place.
 D = Time resting spent in this place.
 E = Time spent auto-exploring this place.
 F = Levels seen in this place.
 G = Mean time per level.
                   A        B        C        D        E       F      G
               +--------+--------+--------+--------+--------+-----+--------+
         Total |    540 |    540 |      0 |    370 |     76 |   1 |  540.0 |
       Dungeon |    540 |    540 |      0 |    370 |     76 |   1 |  540.0 |
               +--------+--------+--------+--------+--------+-----+--------+

Top non-repeatable levels by time:
       D: 540 daAuts
